 Dungeon Crawl Stone Soup version 0.22-a0-274-gf8199ec (webtiles) character file.

35 Amnesiac the Magician (level 3, 0/26 HPs)
             Began as a Mummy Wizard on Mar 13, 2018.
             Slain by an adder (4 damage)
             ... on level 2 of the Dungeon.
             The game lasted 00:01:29 (1300 turns).

Amnesiac the Magician (Mummy Wizard)                Turns: 1300, Time: 00:01:30

Health: 0/26       AC:  3    Str: 10    XL:     3   Next: 17%
Magic:  0/8        EV: 12    Int: 18    God:
Gold:   77         SH:  0    Dex: 10    Spells: 1/10 levels left

rFire    x . .     SeeInvis .   (no weapon)
rCold    + . .     Gourm    .   (no shield)
rNeg     + + +     Faith    .   a - +0 robe
rPois    ∞         Spirit   .   b - +0 hat
rElec    .         Reflect  .   (no cloak)
rCorr    .         Harm     .   (no gloves)
MR       .....                  d - +0 pair of boots
Stlth    ++........             (no amulet)
HPRegen  0.08/turn              (no ring)
MPRegen  0.11/turn              (no ring)

@: no status effects
A: no food or potions, fire vulnerability, cold resistance 1, negative energy
resistance 3, torment resistance, unbreathing
a: no special abilities


You were on level 2 of the Dungeon.
You were not hungry.

You visited 1 branch of the dungeon, and saw 2 of its levels.

You collected 77 gold pieces.

Inventory:

Armour
 a - a +0 robe (worn)
 b - a +0 hat (worn)
 d - a +0 pair of boots (worn)
Scrolls
 c - a scroll of enchant weapon {!r, unknown}
 e - 2 scrolls of teleportation {!r, unknown}
 f - 2 scrolls of remove curse {!r, unknown}
 g - a scroll of identify {!r, unknown}


   Skills:
 + Level 1.2 Fighting
 * Level 2.4 Dodging
 - Level 1.5 Stealth
 - Level 4.0 Spellcasting
 + Level 1.3 Conjurations
 - Level 0.7 Summonings
   Level 0.7 Translocations


You had one spell level left.
You knew the following spells:

 Your Spells              Type           Power        Failure   Level  Hunger
a - Magic Dart            Conj           #...         9%          1    N/A
b - Call Imp              Summ           #.......     17%         2    N/A
e - Mephitic Cloud        Conj/Pois/Air  #.......     36%         3    N/A
s - Conjure Flame         Conj/Fire      #.......     32%         3    N/A

Dungeon Overview and Level Annotations

Branches:
Dungeon (2/15)

Altars:
Elyvilon


Innate Abilities, Weirdness & Mutations

You do not eat or drink.
Your flesh is vulnerable to fire.
You are immune to poison.
Your flesh is cold resistant. (rC+)
You are immune to negative energy. (rN+++)
You are immune to unholy pain and torment.
You can survive without breathing.


Message History

The magic dart hits the worm.
The worm is lightly wounded.
Casting: Magic Dart (safe; 9% risk of failure)
Confirm with . or Enter, or press ? or * to list all spells.
Aiming: Magic Dart (safe; 9% risk of failure)
Press: ? - help, Shift-Dir - straight line, f/p - worm
Aim: a worm (lightly wounded)
The magic dart hits the worm.
The worm is moderately wounded.
Casting: Magic Dart (safe; 9% risk of failure)
Confirm with . or Enter, or press ? or * to list all spells.
Aiming: Magic Dart (safe; 9% risk of failure)
Press: ? - help, Shift-Dir - straight line, f/p - worm
Aim: a worm (lightly wounded)
The magic dart hits the worm.
The worm is moderately wounded.
Casting: Magic Dart (safe; 9% risk of failure)
Confirm with . or Enter, or press ? or * to list all spells.
A metallic apparition takes form in the air.
The worm bites you!
You barely miss the worm.
The worm is heavily wounded.
You hit the worm but do no damage.
The worm is heavily wounded.
The worm misses you.
You barely miss the worm.
The worm is severely wounded.
You hit the worm but do no damage.
The worm is severely wounded.
The worm closely misses you.
You barely miss the worm.
The worm is severely wounded.
The worm bites you!
* * * LOW HITPOINT WARNING * * *
Casting: Call Imp (safe; 17% risk of failure)
Confirm with . or Enter, or press ? or * to list all spells.
Aiming: Magic Dart (safe; 9% risk of failure)
Press: ? - help, Shift-Dir - straight line, f/p - worm
Aim: a worm (almost dead)
The magic dart hits the worm.
You kill the worm!
You start resting.
Your iron imp disappears in a puff of smoke!
Your magical contamination has completely faded away.
You start resting.
An adder comes into view.
An adder is nearby!
Casting: Magic Dart (safe; 9% risk of failure)
Confirm with . or Enter, or press ? or * to list all spells.
A beastly little devil appears in a puff of flame.
Your crimson imp blinks!
Casting: Call Imp (safe; 17% risk of failure)
Confirm with . or Enter, or press ? or * to list all spells.
A beastly little devil appears in a puff of frigid air.
Your white imp says, "I yield to your fealty, my magnificent and awesome ban!"
The adder misses your crimson imp.
Your crimson imp blinks!
You miss the adder. The adder bites you.
* * * LOW HITPOINT WARNING * * *
You barely miss the adder. The adder closely misses you.
You barely miss the adder. The adder bites you.
* * * LOW HITPOINT WARNING * * *
The adder bites you.
You die...

.... #..# #..# #..#
#..# #†.#
#.5#####..
#.S†5...?....._....
##@#####...⌠.....⌠.
#.....#...........
#####.# #.#.#.#.#.
#.# .........
#.######.....#
#.#.......>..#
#.#.........[.
#.............
###..#########


You could see an adder, a friendly crimson imp and a friendly white imp.

Vanquished Creatures
  A worm (D:2)
  A dart slug (D:1)
  3 leopard geckos
  5 goblins
  3 hobgoblins (D:1)
  8 bats
  4 frilled lizards (D:1)
  2 kobolds (D:1)
  3 rats (D:1)
30 creatures vanquished.

Notes
Turn   | Place    | Note
-------+----------+-------------------------------------------
     0 | D:1      | Amnesiac the Mummy Wizard began the quest for the Orb.
     0 | D:1      | Reached XP level 1. HP: 13/13 MP: 5/5
   300 | D:1      | Reached skill level 1 in Conjurations
   490 | D:1      | Reached XP level 2. HP: 19/20 MP: 0/7
   494 | D:1      | Learned a level 2 spell: Call Imp
  1033 | D:1      | Reached skill level 1 in Fighting
  1097 | D:1      | Reached XP level 3. HP: 26/26 MP: 0/8
  1102 | D:1      | Learned a level 3 spell: Conjure Flame
  1106 | D:1      | Learned a level 3 spell: Mephitic Cloud
  1216 | D:2      | Found a faded altar of an unknown god.
  1218 | D:2      | Found a white marble altar of Elyvilon.
  1300 | D:2      | Slain by an adder

Vault maps used:
D:1:      eino_arrival_water_star
D:2:      chequers_ecumenical_altar_simple_redux, hangedman_glass_teeth,
          elyvilon_altar_5

Skill      XL: |  1  2 |
---------------+-------+-----
Conjurations   | 1 |  1.3
Dodging        | 2 |  2.4
Fighting       | 1 |  1.2
Stealth        | |  1.5
Spellcasting   | |  4.0
Summonings     | |  0.7
Translocations | |  0.7

Action                   || total
-------------------------++-------
Melee: Unarmed           ||    30
 Cast: Magic Dart        ||    68
       Call Imp          ||     3
Armor: Robe              ||     9
Dodge: Dodged            ||    34

Table legend:
 A = Spawn XP
 B = Non-spawn XP
 C = Spawn XP percentage of total XP
 D = Spawn monster count
 E = Non-spawn monster count
 F = Spawn count percentage of total count
 G = Total turns spent on level
                    A         B        C        D         E        F      G
               +---------+---------+-------+---------+---------+-------+---------
         Total |       0 |      51 |   0.0 |       0 |      30 |   0.0 |  1300
               +---------+---------+-------+---------+---------+-------+---------
           D:1 |       0 |      41 |   0.0 |       0 |      26 |   0.0 |  1202
           D:2 |       0 |      10 |   0.0 |       0 |       4 |   0.0 |    98
               +---------+---------+-------+---------+---------+-------+---------
